 Dungeon Crawl Stone Soup version 0.28.0-53-g5a82cb258f (webtiles) character file.

Game seed: 1493824486739590618

4990 MalarOregon the Basher (level 10, -3/82 HPs)
             Began as a Palentonga Fighter on June 14, 2022.
             Was a Follower of Makhleb.
             Slain by Harold
             ... wielding a +0 mace
              (21 damage)
             ... on level 9 of the Dungeon.
             The game lasted 00:20:46 (11693 turns).

MalarOregon the Basher (Palentonga Fighter)        Turns: 11693, Time: 00:20:46

Health: -3/82      AC: 16    Str: 24    XL:     10   Next: 29%
Magic:  0/13       EV:  9    Int:  8    God:    Makhleb [*.....]
Gold:   76         SH:  5    Dex: 16    Spells: 9/9 levels left

rFire   + . .      SeeInvis +   a - +0 flail
rCold   + . .      Faith    .   c - +0 buckler
rNeg    + . .      Spirit   +   b - +0 scale mail
rPois   .          Reflect  .   f - +0 helmet
rElec   .          Harm     .   I - scarf {rC+ rF+}
rCorr   .          Rampage  .   A - +0 pair of gloves
Will    .....                   (no barding)
Stlth   ..........              w - amulet of guardian spirit
HPRegen 0.23/turn               E - ring of positive energy
MPRegen 0.13/turn               H - +6 ring of dexterity

@: curled up
A: large, rugged brown scales 3, see invisible, deformed body, roll 1, armoured
tail, reflexive curl
a: Rolling Charge, Renounce Religion


You were on level 9 of the Dungeon.
You worshipped Makhleb.
Makhleb was aware of your devotion.
You visited 2 branches of the dungeon, and saw 10 of its levels.

You collected 344 gold pieces.
You spent 268 gold pieces at shops.


Innate Abilities, Weirdness & Mutations

You are completely covered in rugged brown scales. (AC +3, +7% HP)
You have supernaturally acute eyesight. (SInv)
Armour fits poorly on your strangely shaped body.
You can roll at nearby foes to attack.
You have a long armoured tail.
You curl defensively after being hit. (AC +7*)


   Skills:
 + Level 6.4 Fighting
 * Level 8.5 Maces & Flails
 + Level 5.3 Armour
 + Level 4.5 Dodging
 + Level 5.3 Shields
 + Level 4.3 Invocations
 + Level 3.6 Evocations


You had 9 spell levels left.
You didn't know any spells.
Your spell library contained the following spells:

 Spells                   Type           Power      Damage    Failure   Level
 Call Canine Familiar     Summ           0%         N/A       98%         3
 Confusing Touch          Hex            0%         N/A       98%         3
 Conjure Flame            Conj/Fire      0%         6-21      98%         3
 Ignite Poison            Fire/Tmut/Pois 0%         N/A       98%         3
 Portal Projectile        Hex/Tloc       0%         N/A       98%         3
 Leda's Liquefaction      Hex/Erth       0%         N/A       100%        4
 Sticky Flame             Conj/Fire      0%         2d3       100%        4
 Yara's Violent Unravell  Hex/Tmut       0%         3d3       100%        5
 Enfeeble                 Hex            0%         N/A       100%        7
 Malign Gateway           Summ/Tloc      0%         N/A       100%        7
 Summon Horrible Things   Summ           0%         N/A       100%        8

Inventory:

Hand Weapons
 a - a +0 flail (weapon)
 g - a +0 dagger of venom
   (You took it off a goblin on level 3 of the Dungeon)
Missiles
 p - 3 poisoned darts
 B - a throwing net {!f}
Armour
 b - a +0 scale mail (worn)
 c - a +0 buckler (worn)
 f - a +0 helmet (worn)
   (You took it off Robin on level 3 of the Dungeon)
 A - a +0 pair of gloves (worn)
   (You found it on level 7 of the Dungeon)
 I - a scarf of resistance (worn)
   (You found it on level 8 of the Dungeon)
Jewellery
 s - a ring of ice
   (You found it on level 8 of the Dungeon)
 w - an amulet of guardian spirit (around neck)
   (You found it on level 6 of the Dungeon)
 y - the ring "Jaucw" {rElec SInv}
   (You found it on level 5 of the Dungeon)

   [ring of see invisible]

   rElec:     It insulates you from electricity.
   SInv:      It lets you see invisible.
 E - a ring of positive energy (left hand)
   (You found it on level 6 of the Dungeon)
 H - a +6 ring of dexterity (right hand)
   (You found it on level 8 of the Dungeon)
 K - a ring of resist corrosion
   (You found it on level 9 of the Dungeon)
Wands
 x - a wand of acid (8)
   (You found it on level 7 of the Dungeon)
 D - a wand of polymorph (8)
   (You found it on level 6 of the Dungeon)
 J - a wand of mindburst (6)
   (You found it on level 8 of the Dungeon)
Scrolls
 d - 3 scrolls of blinking
 e - a scroll of summoning {unknown}
 h - a scroll of holy word
 j - a scroll of fear {unknown}
 k - 2 scrolls of noise {unknown}
 l - a scroll of amnesia {unknown}
 m - 3 scrolls of immolation {!r}
 o - 2 scrolls of fog
 r - 3 scrolls of teleportation {@r4}
 t - a scroll of enchant weapon {unknown}
 u - a scroll of acquirement {unknown}
 C - 4 scrolls of magic mapping
 F - 3 scrolls of identify {@r1}
 G - a scroll of brand weapon {unknown}
Potions
 i - 2 potions of brilliance
 n - 3 potions of heal wounds {@q2}
 q - a potion of curing {@q1}
 v - 2 potions of flight
 z - a potion of haste {@q3}

Dungeon Overview and Level Annotations

Branches:
Dungeon (9/15)             Temple (1/1) D:6            Lair (0/6) D:8
    Orc: D:9-12

Altars:
Ashenzari
Cheibriados
Dithmenos
Elyvilon
Fedhas
Gozag
Hepliaklqana
Kikubaaqudgha
Makhleb
Nemelex Xobeh
Okawaru
Qazlal
Ru
Sif Muna
Trog
Uskayaw
Vehumet
Wu Jian
Xom
Yredelemnul
Zin
The Shining One

Shops:
D:1 ?

Annotations:
D:3 3 runed translucent doors, Zarnosh's ghost, amateur DgCj
D:8 3 runed translucent doors, PentaManta's ghost, novice MfAK; diceflayer's ghost, novice MiFi; stburah's ghost, novice FoFi
D:9 Harold

...........# #..
...........# #..
..........# #........#
#.....>..# #........#
#####........# #
#............######(..#
##..............@@......
#.........########......
#.........# .....
..........+ ....
..........# .#####
..........# #...###....
..........# #.....# ...
#####...... #.....###..
#....... #.......#..


You could see Harold (strong, corroded).


Message History

You have difficulty breathing.
You feel yourself slow down.
The kobold throws a poisoned dart.
The poisoned dart barely misses you.
Roll where?
Press: ? - help, Dir - move target, f - kobold
Aim: a kobold, wielding a +0 whip You roll forward with a clatter of scales!
The kobold shouts!
You thump the kobold!
You kill the kobold!
Makhleb accepts your kill.
You feel very sick.
You hear a shout!
You block the kobold's attack.
The kobold shoots a bolt.
The bolt hits you.
You hit the kobold brigand.
You feel very sick.
The kobold brigand hits you with a +0 short sword.
You block the kobold's attack. The kobold hits you but does no damage.
You barely miss the kobold brigand.
You feel sick.
The kobold brigand hits you but does no damage.
The kobold hits you but does no damage. x2
The kobold unwields a +0 hand crossbow.
The kobold wields a +0 dagger.
The kobold hits you but does no damage.
The kobold brigand hits you but does no damage.
The kobold hits you but does no damage.
You thump the kobold brigand!
You feel sick. The kobold hits you but does no damage.
You block the kobold's attack.
The kobold hits you with a +0 short sword.
Harold the Weathered comes into view.
He is wielding a +0 mace.
The kobold brigand barely misses you. The kobold closely misses you.
You block the kobold's attack. The kobold hits you but does no damage.
You closely miss the kobold brigand.
Your tail-slap misses the kobold brigand.
You feel sick. The kobold barely misses you.
Harold throws a throwing net.
The throwing net hits you.
You become entangled in the net!
The kobold brigand barely misses you. The kobold hits you with a +0 whip.
The kobold hits you but does no damage. x3
The kobold brigand hits you with a +0 short sword.
The kobold hits you with a +0 whip.
As you read the scroll of teleportation {@r4}, it crumbles to dust.
You feel strangely unstable.
You feel sick.
You are no longer poisoned.
The kobold hits you but does no damage. The kobold barely misses you.
The kobold completely misses you.
The kobold brigand hits you but does no damage.
The kobold hits you with a +0 whip.
The kobold hits you but does no damage. x2
Unknown command.
You struggle against the net.
The kobold hits you but does no damage. Harold fires a harpoon shot at you.
The harpoon shot misses you.
The harpoon shot misses the kobold.
The kobold brigand hits you with a +0 short sword.
The kobold barely misses you.
The kobold hits you but does no damage. x2
Harold fires a harpoon shot at you. The harpoon shot hits you!
* * * LOW HITPOINT WARNING * * *
You are yanked forward by the harpoon shot.
The kobold throws a poisoned dart.
The poisoned dart misses you.
You sock Harold! You tail-slap Harold!
The kobold unwields a +0 dagger.
The kobold wields a +0 hand crossbow.
The kobold shoots a bolt.
The bolt barely misses you.
The bolt closely misses Harold.
Harold hits you with a +0 mace.
* * * LOW HITPOINT WARNING * * *
You closely miss Harold.
Your surroundings suddenly seem different.
Found a stone staircase leading down.
You feel yourself speed up.
Found 24 stones.
You start resting.
Harold is nearby!
Unknown command.
Roll where?
Press: ? - help, Dir - move target, f - Harold
Aim: Harold, wielding a +0 mace and wearing a +0 chain mail (lightly wounded)
You roll forward with a clatter of scales!
You hit Harold but do no damage. Harold hits you with a +0 mace!
* * * LOW HITPOINT WARNING * * *
Unknown command.
Aiming: Polymorph
Press: ? - help, Shift-Dir - straight line, f/p - Harold
Aim: Harold, wielding a +0 mace and wearing a +0 chain mail (lightly wounded, will become a yaktaur, a wind drake, or an orb spider, chance to affect: 24%)
Okay, then.
Aiming: Corrosive Bolt
Press: ? - help, Shift-Dir - straight line, f/p - Harold
Aim: Harold, wielding a +0 mace and wearing a +0 chain mail (lightly wounded, 88% to hit)
The bolt of acid hits Harold!
The acid corrodes Harold!
Harold drinks a potion.
Harold seems to grow stronger.
You sock Harold! Harold hits you with a +0 mace!!
* * * LOW HITPOINT WARNING * * *
Aiming: Polymorph
Press: ? - help, Shift-Dir - straight line, f/p - Harold
Aim: Harold, wielding a +0 mace and wearing a +0 chain mail (moderately wounded, strong, covered in acid, will become a yaktaur, a wind drake, or an orb spider, chance to affect: 24%) Harold resists with almost no effort.
You block Harold's attack.
Aiming: Polymorph
Press: ? - help, Shift-Dir - straight line, f/p - Harold
Aim: Harold, wielding a +0 mace and wearing a +0 chain mail (moderately wounded, strong, covered in acid, will become a yaktaur, a wind drake, or an orb spider, chance to affect: 24%) Harold resists with almost no effort.
Harold hits you with a +0 mace!!
You die...

Skill      XL: |  1  2  3  4  5  6  7  8  9 10 |
---------------+-------------------------------+-----
Dodging        | 1 2 3 4 |  4.5
Maces & Flails | 3 4 5 6 8 |  8.5
Armour         | 3 4 5 |  5.3
Shields        | 3 4 5 |  5.3
Fighting       | 4 5 6 |  6.4
Invocations    | 2 3 4 |  4.3
Evocations     | 2 3 |  3.6

Action                   |  1- 3 |  4- 6 |  7- 9 | 10-12 || total
-------------------------+-------+-------+-------+-------++-------
Melee: Flail             |   108 |   148 |   278 |    21 ||   555
       Tailslap          |    14 |    27 |    51 |     4 ||    96
       Dagger            |       |    19 |       |       ||    19
 Abil: Rolling Charge    |     2 |     4 |    29 |     3 ||    38
Evoke: Wand              |       |       |    33 |    14 ||    47
  Use: Scroll            |     7 |       |     3 |     1 ||    11
       Potion            |       |     3 |     2 |       ||     5
 Stab: Paralysed         |       |       |     8 |       ||     8
Armor: Scale mail        |    54 |    74 |   178 |    22 ||   328
Dodge: Dodged            |    45 |    57 |   126 |    19 ||   247
Block: Buckler           |    16 |    40 |    80 |     7 ||   143

Levels and vault maps discovered:
D:1:      minmay_arrival_radiant_lines, layout_rooms, serial_shops,
          nicolae_shop_temple_entry_statues_fountains,
          shapermc_ecumenical_altar_notcrosses
D:2:      layout_basic
D:3:      layout_loops_ring, gammafunk_ghost_icy, minmay_bisected, uniq_robin
D:4:      layout_loops_corners
D:5:      layout_loops_ring, serial_bayou, serial_bayou_lagoon_b,
          serial_bayou_pond_d, serial_bayou_crossing
D:6:      layout_loops_corners, minmay_temple_entry_waves
D:7:      layout_gridville, mainiacjoe_overflow_cross_hatched
D:8:      layout_rooms, due_lair_maze_entry_diamond, gammafunk_ghost_cemetery
D:9:      layout_irregular_city, uniq_prince_ribbit1, uniq_harold,
          uniq_gastronok
Temple:   nicolae_temple_the_god_donut

Notes
Turn   | Place    | Note
-------+----------+-------------------------------------------
     0 | D:1      | MalarOregon the Palentonga Fighter began the quest for the
                  | Orb.
     0 | D:1      | Reached XP level 1. HP: 19/19 MP: 1/1
    97 | D:1      | Found Zotrutte's Magic Scroll Emporium.
   120 | D:1      | Reached XP level 2. HP: 25/25 MP: 2/2
   324 | D:1      | Found a faded altar of an unknown god.
   553 | D:1      | Bought a scroll of identify for 22 gold pieces
   582 | D:2      | You pick up a book of the Hunter and begin reading...
   582 | D:2      | You add the spells Call Canine Familiar, Portal Projectile
                  | and Leda's Liquefaction to your library.
   627 | D:2      | Reached XP level 3. HP: 28/31 MP: 3/3
   993 | D:1      | Bought a scroll of identify for 22 gold pieces
  1210 | D:2      | Reached skill level 1 in Dodging
  1348 | D:3      | Noticed Robin
  1361 | D:3      | Noticed an ice beast
  1362 | D:3      | Reached skill level 3 in Maces & Flails
  1362 | D:3      | Reached XP level 4. HP: 37/37 MP: 4/4
  1371 | D:2      | HP: 5/37 [ice beast (5)]
  1418 | D:2      | HP: 8/37 [ice beast (8)]
  1693 | D:3      | Killed Robin
  1863 | D:2      | Killed an ice beast
  1864 | D:2      | Reached skill level 3 in Armour
  1864 | D:2      | Reached skill level 3 in Shields
  1864 | D:2      | Reached XP level 5. HP: 14/43 MP: 5/5
  2273 | D:3      | Reached skill level 4 in Maces & Flails
  2540 | D:3      | Found a runed translucent gate.
  2550 | D:3      | Reached XP level 6. HP: 38/51 MP: 6/6
  2888 | D:3      | Noticed Zarnosh's ghost (amateur DgCj)
  2915 | D:3      | Found a runed translucent gate.
  2915 | D:3      | Found a runed translucent gate.
  3226 | D:3      | Reached skill level 2 in Dodging
  3499 | D:1      | Bought a scroll of blinking for 82 gold pieces
  3589 | D:4      | Reached skill level 4 in Fighting
  3897 | D:4      | You pick up a book of Misfortune and begin reading...
  3897 | D:4      | You add the spells Confusing Touch, Yara's Violent
                  | Unravelling and Enfeeble to your library.
  4023 | D:4      | You add the spells Malign Gateway and Summon Horrible
                  | Things to your library.
  4184 | D:4      | Gained mutation: You curl defensively after being hit. (AC
                  | +7*) [Palentonga growth]
  4184 | D:4      | Reached XP level 7. HP: 35/57 MP: 7/7
  4628 | D:1      | Bought a scroll of teleportation for 33 gold pieces
  4733 | D:5      | Entered Level 5 of the Dungeon
  4850 | D:5      | Reached skill level 5 in Maces & Flails
  4949 | D:5      | HP: 10/58 [poisoned by a water moccasin]
  4954 | D:5      | HP: 4/58 [poisoned by a water moccasin]
  5467 | D:5      | Identified the ring "Jaucw" {rElec SInv}
  5758 | D:6      | Noticed a steam dragon
  6165 | D:6      | Found a staircase to the Ecumenical Temple.
  6176 | D:6      | Reached XP level 8. HP: 60/65 MP: 8/8
  6197 | Temple   | Entered the Ecumenical Temple
  6609 | Temple   | Became a worshipper of Makhleb the Destroyer
  6872 | D:6      | Reached skill level 3 in Dodging
  6911 | D:6      | HP: 13/65 [steam dragon/ball of steam (8)]
  6918 | D:6      | Reached skill level 6 in Maces & Flails
  6918 | D:6      | Reached skill level 4 in Armour
  6918 | D:6      | Reached skill level 4 in Shields
  7410 | D:6      | Reached skill level 5 in Fighting
  7410 | D:6      | Reached skill level 1 in Invocations
  7446 | D:6      | Reached skill level 1 in Evocations
  7714 | D:6      | Noticed a troll
  7719 | D:6      | Killed a troll
  7836 | D:6      | Reached skill level 2 in Invocations
  8022 | D:7      | You add the spells Conjure Flame, Ignite Poison and Sticky
                  | Flame to your library.
  8192 | D:7      | Found a hazy altar of Hepliaklqana.
  8795 | D:7      | Reached skill level 2 in Evocations
  8795 | D:7      | Reached XP level 9. HP: 37/72 MP: 6/10
  8959 | D:8      | Found a runed translucent gate.
  8960 | D:8      | Found a runed translucent gate.
  9083 | D:8      | Found a runed translucent gate.
  9198 | D:1      | Bought a scroll of immolation for 38 gold pieces
  9198 | D:1      | Bought a scroll of magic mapping for 38 gold pieces
  9198 | D:1      | Bought a scroll of teleportation for 33 gold pieces
  9447 | D:8      | Found a staircase to the Lair.
  9465 | D:8      | Reached skill level 7 in Maces & Flails
  9812 | D:8      | Reached skill level 3 in Invocations
  9840 | D:8      | HP: 18/73 [wyvern (6)]
  9860 | D:8      | HP: 8/73 [wyvern zombie (7)]
 10270 | D:8      | Reached skill level 4 in Dodging
 10343 | D:8      | Reached * piety under Makhleb
 10344 | D:8      | Reached skill level 6 in Fighting
 10670 | D:8      | Reached skill level 3 in Evocations
 10737 | D:8      | Noticed diceflayer's ghost (novice MiFi)
 10737 | D:8      | Noticed PentaManta's ghost (novice MfAK)
 10738 | D:8      | Noticed stburah's ghost (novice FoFi)
 10832 | D:9      | Reached skill level 5 in Shields
 10911 | D:9      | HP: 18/73 [wyvern (6)]
 10915 | D:9      | Reached skill level 8 in Maces & Flails
 10915 | D:9      | Reached skill level 5 in Armour
 11302 | D:9      | Reached XP level 10. HP: 81/81 MP: 12/12
 11467 | D:9      | Noticed Gastronok
 11467 | D:9      | Gastronok the Ponderous comes into view. He is wearing the
                  | +3 hat of Pondering {ponderous, Will+ MP+10 Int+5}.
 11470 | D:9      | Aim: Gastronok, wearing the +3 hat of Pondering {ponderous,
                  | Will+ MP+10 Int+5}
 11470 | D:9      | Aim: Gastronok, wearing the +3 hat of Pondering {ponderous,
                  | Will+ MP+10 Int+5}
 11471 | D:9      | Aim: Gastronok, wearing the +3 hat of Pondering {ponderous,
                  | Will+ MP+10 Int+5} (lightly wounded, 100% to hit)
 11471 | D:9      | Aim: Gastronok, wearing the +3 hat of Pondering {ponderous,
                  | Will+ MP+10 Int+5} (lightly wounded, 100% to hit)
 11477 | D:9      | Aim: Gastronok, wearing the +3 hat of Pondering {ponderous,
                  | Will+ MP+10 Int+5} (moderately wounded, 100% to hit)
 11477 | D:9      | Aim: Gastronok, wearing the +3 hat of Pondering {ponderous,
                  | Will+ MP+10 Int+5} (moderately wounded, 100% to hit)
 11483 | D:9      | Aim: Gastronok, wearing the +3 hat of Pondering {ponderous,
                  | Will+ MP+10 Int+5} (severely wounded, 100% to hit)
 11483 | D:9      | Aim: Gastronok, wearing the +3 hat of Pondering {ponderous,
                  | Will+ MP+10 Int+5} (severely wounded, 100% to hit)
 11484 | D:9      | Aim: Gastronok, wearing the +3 hat of Pondering {ponderous,
                  | Will+ MP+10 Int+5} (almost dead, 100% to hit)
 11484 | D:9      | Aim: Gastronok, wearing the +3 hat of Pondering {ponderous,
                  | Will+ MP+10 Int+5} (almost dead, 100% to hit)
 11485 | D:9      | Aim: Gastronok, wearing the +3 hat of Pondering {ponderous,
                  | Will+ MP+10 Int+5} (almost dead, 100% to hit)
 11485 | D:9      | Aim: Gastronok, wearing the +3 hat of Pondering {ponderous,
                  | Will+ MP+10 Int+5} (almost dead, 100% to hit)
 11486 | D:9      | Killed Gastronok
 11487 | D:9      | Reached skill level 4 in Invocations
 11640 | D:9      | Noticed Harold
 11691 | D:9      | HP: 18/82 [Harold/+0 mace (19)]
 11693 | D:9      | Slain by Harold

Vanquished Creatures
  Gastronok (D:9)
  A troll (D:6)
  2 wyverns
  A steam dragon (D:6)
  4 water moccasins
  An orc warrior (D:7)
  2 sky beasts
  2 black bears (D:8)
  An ice beast (D:2)
  3 ogres
  A centaur (D:9)
  2 phantoms
  A kobold brigand (D:4)
  A scorpion (D:3)
  8 bullfrogs
  A wyvern zombie (D:8)
  12 killer bees
  2 centaur zombies (D:8)
  2 jellies
  An orc priest (D:7)
  A centaur skeleton (D:4)
  5 iguanas
  2 orc wizards
  2 howler monkey zombies
  Robin (D:3)
  9 adders
  3 gnolls (D:3)
  3 worms
  3 dart slugs
  14 orcs
  3 bats
  5 endoplasms
  4 giant cockroaches
  6 hobgoblins
  6 jackals (D:3)
  11 kobolds
  3 quokkas
  10 ball pythons
  6 frilled lizards
  17 goblins
  4 rats
167 creatures vanquished.

Vanquished Creatures (others)
  48 fungi (D:8)
  35 plants (D:8)
83 creatures vanquished.

Grand Total: 250 creatures vanquished

Table legend:
 A = Non-vault XP
 B = Vault XP
 C = Vault XP percentage of total XP
 D = Non-vault monster count
 E = Vault monster count
 F = Vault count percentage of total count
                 A         B        C        D         E       F
            +---------+---------+-------+---------+---------+-------
      Total |    4583 |    2546 |  35.7 |     142 |      25 |  15.0
            +---------+---------+-------+---------+---------+-------
        D:1 |      38 |       0 |   0.0 |      23 |       0 |   0.0
        D:2 |     176 |       2 |   1.1 |      22 |       1 |   4.3
        D:3 |     238 |      55 |  18.8 |      30 |      14 |  31.8
        D:4 |     330 |       0 |   0.0 |      10 |       0 |   0.0
        D:5 |     480 |       0 |   0.0 |       6 |       0 |   0.0
        D:6 |    1071 |       0 |   0.0 |      14 |       0 |   0.0
        D:7 |     467 |       0 |   0.0 |      11 |       0 |   0.0
        D:8 |     877 |    1013 |  53.6 |      14 |       9 |  39.1
        D:9 |     906 |    1476 |  62.0 |      12 |       1 |   7.7
            +---------+---------+-------+---------+---------+-------

Illustrated notes

Table legend:
 A = Kills in this place as a percentage of kills in entire the game.
 B = Kills by you in this place as a percentage of kills by you in the entire game.
 C = Kills by friends in this place as a percentage of kills by friends in the entire game.
 D = Other kills in this place as a percentage of other kills in the entire game.
 E = Experience gained in this place as a percentage of experience gained in the entire game.
 F = Experience gained in this place divided by the number of levels of this place that you have seen.
                   A       B       C       D       E      F
               +-------+-------+-------+-------+-------+----------------------
         Total | 100.0 | 100.0 |   N/A |   N/A | 100.0 | 712.9
       Dungeon | 100.0 | 100.0 |   N/A |   N/A | 100.0 | 792.1
               +-------+-------+-------+-------+-------+----------------------

Table legend: (Time is in decaauts)
 A = Elapsed time spent in this place.
 B = Non-inter-level travel time spent in this place.
 C = Inter-level travel time spent in this place.
 D = Time resting spent in this place.
 E = Time spent auto-exploring this place.
 F = Levels seen in this place.
 G = Mean time per level.
                   A        B        C        D        E       F      G
               +--------+--------+--------+--------+--------+-----+--------+
         Total |  11847 |  10791 |   1056 |   2903 |   6261 |  10 | 1184.7 |
       Dungeon |  11428 |  10411 |   1017 |   2903 |   5908 |   9 | 1269.8 |
        Temple |    418 |    379 |     39 |      0 |    353 |   1 |  418.0 |
               +--------+--------+--------+--------+--------+-----+--------+

Top non-repeatable levels by time:
     D:2: 1670 daAuts
     D:6: 1550 daAuts
     D:8: 1536 daAuts
     D:3: 1411 daAuts
     D:5: 1383 daAuts
     D:4: 1053 daAuts
     D:7: 1018 daAuts
     D:9: 967 daAuts
     D:1: 835 daAuts
  Temple: 418 daAuts
